 Dungeon Crawl Stone Soup version 0.30-a0-782-ge64f9170bb (webtiles) character file.

Game seed: 6522499402387644276

7 tilp the Shield-Bearer (level 2, -3/26 HPs)
             Began as a Meteoran Fighter on Feb 22, 2023.
             Killed by divine providence
             ... invoked by an orc priest
              (9 damage)
             ... on level 2 of the Dungeon.
             The game lasted 00:01:59 (532 turns).

tilp the Shield-Bearer (Meteoran Fighter)            Turns: 532, Time: 00:02:00

Health: -3/26      AC: 10    Str: 17    XL:     2   Next: 23%
Magic:  3/3        EV:  9    Int:  9    God:
Gold:   20         SH:  5    Dex: 13    Spells: 1/1 levels left

rFire   . . .      SeeInvis .    a - +0 long sword
rCold   . . .      Faith    .    c - +0 buckler
rNeg    . . .      Spirit   .    b - +0 scale mail
rPois   .          Reflect  .    (no helmet)
rElec   .          Harm     .    e - +2 cloak
rCorr   .          Rampage  .    (no gloves)
Will    .....                    (no boots) Stlth
                                 (no amulet)
HPRegen 0.24/turn                (no ring)
MPRegen 0.08/turn                (no ring)

@: glowing
A: sense surroundings 1, otherworldly, glowing, explore regen
a: no special abilities


You were on level 2 of the Dungeon.
You visited 1 branch of the dungeon, and saw 3 of its levels.

You collected 20 gold pieces.

Inventory:

Hand Weapons
 a - a +0 long sword (weapon)
Missiles
 h - 3 javelins (quivered)
 j - 5 stones
Armour
 b - a +0 scale mail (worn)
 c - a +0 buckler (worn)
 e - a +2 cloak (worn)
Scrolls
 i - a scroll of identify {unknown}
 l - a scroll of amnesia {unknown}
Potions
 d - 2 potions of might
 f - a potion of degeneration {unknown}
 g - a potion of brilliance {unknown}
 k - a potion of resistance {unknown}


   Skills:
 + Level 3.4 Fighting
 * Level 2.9 Long Blades
 - Level 3.6 Armour
 + Level 0.7 Dodging
 - Level 3.6 Shields


You had one spell level left.
You didn't know any spells.
Your spell library was empty.

Dungeon Overview and Level Annotations

Branches:
Dungeon (3/15) Zot: 1254

Altars:


Innate Abilities, Weirdness & Mutations

You passively map a small area around you.
You are easily found by Zot.
You glow in the dark.
You regain HP and MP as you explore.


Message History

You see here a ball python corpse.
The orc priest shouts!
You start waiting.
An orc priest is nearby!
The orc priest hits you with a +0 flail.
You hit the orc priest but do no damage.
The orc priest completely misses you.
The orc priest begins to cast a cantrip, but forgets the words!
You hit the orc priest.
The orc priest is lightly wounded.
The orc priest calls down the wrath of Beogh upon you.
Beogh smites you!
You closely miss the orc priest.
The orc priest is lightly wounded.
The orc priest hits you but does no damage.
You closely miss the orc priest.
The orc priest is lightly wounded.
The orc priest mumbles some strange prayers to Beogh against you.
Pain shoots through your body!
You hit the orc priest but do no damage.
The orc priest is lightly wounded.
The orc priest closely misses you.
The orc priest mumbles some strange prayers to Beogh against you.
Pain shoots through your body!
* * * LOW HITPOINT WARNING * * *
You hit the orc priest.
The orc priest is heavily wounded.
The orc priest hits you with a +0 flail.
* * * LOW HITPOINT WARNING * * *
An orc priest comes into view. It is wielding a +0 whip.
The orc priest shouts!
You hit the orc priest.
The orc priest is severely wounded.
You closely miss the orc priest.
The orc priest casts a cantrip, but nothing happens.
The orc priest misses you.
You closely miss the orc priest.
The orc priest invokes the aid of Beogh against you.
Beogh smites you!
You die...

............##.#....#,**,* *
..........#.##......#.#*,* *
..........#.##..#.....#*,****
*
......##.##.##..#.......,,,,*
*
......##.#*.....#...####*****
* ......##..,,........# *
......#####..#......# ### *
......# *,,,*###o..# #.# *
......# *,,**#.@o..####.# *
...#### *,,* #.##.......#
...# *,,* #.##.####..# ...#**
*,,* #.##.# #.†######
#...,*****,,* #.##.#
#....<..#
*###.,,,,,,,**#.##.#
#..######**
*****,,****,,,#.##.#
#...,,,,,,, ,,,,,>,*
*,*,#.##.# ##.##,,****
***********,,,,,*#.*
#.#*,,,,,,


You could see 2 orc priests.

Vanquished Creatures
  An orc (D:2)
  A giant cockroach (D:1)
  A hobgoblin (D:1)
  A kobold (D:1)
  2 ball pythons (D:2)
6 creatures vanquished.

Notes
Turn   | Place    | Note
-------+----------+-------------------------------------------
     0 | D:1      | tilp the Meteoran Fighter began the quest for the Orb.
     0 | D:1      | Reached XP level 1. HP: 19/19 MP: 2/2
   211 | D:2      | Noticed an orc priest
   233 | D:2      | Reached XP level 2. HP: 7/26 MP: 3/3
   532 | D:2      | Killed from afar by an orc priest

Illustrated notes

Levels and vault maps discovered:
D:1:      lemuel_arrival_lava_pool, layout_basic
D:2:      layout_basic
D:3:      layout_rooms, dilly_ecumenical_altar_fadedgnrine

Action                     || total
---------------------------++-------
  Melee: Long sword        ||    42
    Use: Scroll            ||     1
 Armour: Scale mail        ||    17
  Dodge: Dodged            ||    14
  Block: Buckler           ||    11

Table legend: (Time is in decaauts)
 A = Elapsed time spent in this place.
 B = Non-inter-level travel time spent in this place.
 C = Inter-level travel time spent in this place.
 D = Time resting spent in this place.
 E = Time spent auto-exploring this place.
 F = Levels seen in this place.
 G = Mean time per level.
                   A        B        C        D        E       F      G
               +--------+--------+--------+--------+--------+-----+--------+
         Total |    544 |    436 |    108 |      3 |      0 |   3 |  181.3 |
       Dungeon |    544 |    436 |    108 |      3 |      0 |   3 |  181.3 |
               +--------+--------+--------+--------+--------+-----+--------+

Top non-repeatable levels by time:
     D:1: 407 daAuts
     D:2: 135 daAuts
     D:3: 1 daAuts
